AoeStats
← wdimateo

Four Lakes

509750147Analyzed
1v1 RM · 5d ago on Sep 27, 2026· 39m 57s· 2 players
Game mode
Random Map
Map size
Tiny (2 player)
Population
200
Speed
Normal
Resources
Standard
Victory
Conquest
Starting age
Dark Age
Ending age
Imperial Age
RankedLock teamsTeams togetherTeam positionsShared explorationLock speedFull tech treeHidden civsTurbo modeCheats
Victory
Defeat
🇺🇸 Bulgarians · United States
1266
+15
🇧🇷 Varangians · Brazil
1239
-15
Mr Tickles5
5:08 Loom
9:54 Feudal Age
10:36 Double-Bit Axe
10:55 Horse Collar
12:16 Wheelbarrow
19:31 Castle Age
17:35 Stone Mining
17:43 Fishing Lines
18:36 Bloodlines
18:57 Scale Barding Armor
20:32 Hand Cart
20:47 Husbandry
20:45 Fletching
22:23 Chain Barding Armor
23:20 Gold Mining
24:31 Forging
25:49 Town Watch
30:17 Bodkin Arrow
37:33 Gold Shaft Mining
40:22 Imperial Age
39:43 Iron Casting
wdimateo
10:15 Feudal Age
9:39 Loom
15:17 Fletching
20:38 Castle Age
21:22 Crossbowman
28:15 Forging
Connection lost

Rejoining the realm…

Still unreachable

The connection could not be restored.

Session expired

The server has moved on; the page needs a fresh start.